 Dungeon Crawl Stone Soup version 0.29.1-15-g9cfb28693d (webtiles) character file.

Game seed: 18336410637340673177

198 Ayazi56 the Poker (level 5, -3/33 (37) HPs)
             Began as an Octopode Monk on Apr 13, 2023.
             Was a Follower of Ru.
             Slain by a wight
             ... wielding a +0 short sword
              (5 damage)
             ... on level 7 of the Dungeon.
             The game lasted 00:08:42 (1017 turns).

Ayazi56 the Poker (Octopode Monk)                   Turns: 1017, Time: 00:08:43

HP:   -3/33 (37)    AC:  1    Str: 10    XL:     5   Next: 76%
MP:   5/5           EV: 15    Int: 13    God:    Ru [*.....]
Gold: 171           SH:  0    Dex: 22    Spells: 4/4 levels left

rFire   . . .      SeeInvis +   k - +2 hand axe (drain)
rCold   . . .      Faith    .   (no shield)
rNeg    . . .      Spirit   .   (helmet restricted)
rPois   .          Reflect  .   (no amulet)
rElec   .          Harm     .   j - ring of see invisible
rCorr   .          Rampage  .   l - +6 ring of dexterity
Will    .....                   (no ring)
Stlth   ++++......              (no ring)
HPRegen 0.11/turn               (no ring)
MPRegen 0.09/turn               (no ring)
                                (no ring)
                                (no ring)

@: brilliant, hasted, heavily drained, very quick
A: almost no armour, amphibious, 8 rings, camouflage 1, gelatinous body 1, no
conjurations magic, no earth magic, no transmutations magic, (nimble swimmer 1),
tentacles
a: Renounce Religion


You were on level 7 of the Dungeon.
You worshipped Ru.
Ru was aware of your devotion.
You visited 1 branch of the dungeon, and saw 5 of its levels.

You collected 171 gold pieces.

Inventory:

Hand Weapons
 a - a +0 spear
 k - a +2 hand axe of draining (weapon)
Jewellery
 j - a ring of see invisible (left tentacle)
 l - a +6 ring of dexterity (right tentacle)
Scrolls
 c - a scroll of fear {unknown}
 e - a scroll of vulnerability {unknown}
 f - a scroll of magic mapping {unknown}
 g - a scroll of teleportation {unknown}
 h - a scroll of identify
 n - a scroll of enchant weapon {unknown}
 p - a scroll of noise {unknown}
Potions
 b - 2 potions of ambrosia
 i - a potion of haste
 m - a potion of lignification {unknown}
 o - a potion of brilliance


   Skills:
 + Level 4.0 Fighting
 + Level 1.0(2.8) Axes
 + Level 4.2(4.3) Polearms
 + Level 3.8 Dodging
 + Level 4.2 Stealth


You had 4 spell levels left.
You didn't know any spells.
Your spell library contained the following spells:

 Spells                   Type           Power      Damage    Failure   Level
 Ignition                 Fire           0%         3d3       100%        8
 Ignite Poison            Fire/Tmut/Pois Unusable   N/A       N/A         3
 Mephitic Cloud           Conj/Pois/Air  Unusable   N/A       N/A         3
 Fireball                 Conj/Fire      Unusable   3d3       N/A         5
 Freezing Cloud           Conj/Ice/Air   Unusable   6-21      N/A         5
 Starburst                Conj/Fire      Unusable   6d3       N/A         6

Dungeon Overview and Level Annotations

Branches:
Dungeon (5/15)
 Temple: D:4-7

Altars:
Ru

Shops:
D:1 ==   D:7 ?

Annotations:
D:7 3 runed translucent doors, Carnifexus's ghost, novice DsBe


Innate Abilities, Weirdness & Mutations

You cannot wear most types of armour.
You are amphibious.
You can wear up to eight rings at the same time.
Your skin changes colour to match your surroundings (Stealth+).
Your rubbery body absorbs attacks. (AC +1, EV +1)
You cannot study or cast Conjurations magic.
You cannot study or cast Earth magic.
You cannot study or cast Transmutations magic.
((You are camouflaged when in or above water. (Stealth+)))
You have tentacles for arms and can constrict up to eight enemies at once.


Message History

You hit the orc.
You kill the orc!
Items here: )) ††.
Things that are here:
a +0 hand axe; a +0 leather armour You see here a +0 war axe.
As you open the door, it creaks loudly!
A howler monkey zombie and a wight come into view.
You hear a howl!
You hear an angry hiss.
A wight comes into view. It is wielding a +5 morningstar.
A howler monkey comes into view.
You open the door.
A howler monkey zombie and a wight come into view.
You closely miss the wight. Your grab misses the wight. The wight misses you.
The wight closely misses you. The wight barely misses you.
The wight hits you with a +5 morningstar!
* * * LOW HITPOINT WARNING * * *
You feel much better. The wight closely misses you.
The wight hits you with a +5 morningstar.
You feel drained.
You feel yourself speed up.
The wight hits you with a +0 short sword.
You feel drained.
The wight hits you with a +5 morningstar!
You hit the wight. You grab the wight.
The wight is lightly damaged.
You constrict the wight. You hit the wight. You squeeze the wight.
The wight is severely damaged.
You constrict the wight, but do no damage.
The wight hits you with a +0 short sword!
* * * LOW HITPOINT WARNING * * *
You feel drained.
* * * LOW HITPOINT WARNING * * *
Okay, then.
You feel clever all of a sudden.
You constrict the wight, but do no damage.
The wight hits you with a +0 short sword.
You die...

.............#
.............+
#####........#
.#.#.#.........
.....#......88.
#....+.)##...P#
###./...+.).##.#..
#.##(..Z+...∩..#..
#@#...ZW#......# .
#z#.#.#Z#......# .
#z#######......#.z
#z...#..z..hz.z'..
##...##.########..
##...##.#...... .
#.......'......
#.......#......
#.......# .....


You could see 3 wights.

Vanquished Creatures
  A water moccasin zombie (D:7)
  A bullfrog zombie (D:7)
  A jelly (D:4)
  An orc priest (D:7)
  An adder (D:2)
  A worm (D:4)
  A dart slug (D:1)
  2 orcs (D:7)
  2 ball pythons
  4 endoplasms
  A giant cockroach (D:4)
  2 goblins
  4 hobgoblins
  A quokka (D:1)
  5 bats
  A frilled lizard (D:1)
  3 kobolds
  4 rats
36 creatures vanquished.

Vanquished Creatures (others)
  A fungus (D:2)
1 creature vanquished.

Grand Total: 37 creatures vanquished

Notes
Turn   | Place    | Note
-------+----------+-------------------------------------------
     0 | D:1      | Ayazi56 the Octopode Monk began the quest for the Orb.
     0 | D:1      | Reached XP level 1. HP: 16/16 MP: 1/1
    26 | D:1      | Found Noyfiloi's Jewellery Boutique.
    80 | D:1      | Found a faded altar of an unknown god.
    87 | D:1      | Prayed at the altar of an unknown god.
    87 | D:1      | Became a worshipper of Ru the Awakened
   114 | D:1      | Reached XP level 2. HP: 21/21 MP: 2/2
   229 | D:1      | Found Cozesaih's Jewellery Emporium.
   390 | D:2      | Reached XP level 3. HP: 14/26 MP: 3/3
   604 | D:2      | You fall into a shaft and drop 2 floors!
   648 | D:4      | Reached XP level 4. HP: 25/32 MP: 4/4
   660 | D:4      | Gained mutation: You cannot study or cast Earth magic. [Ru
                  | sacrifice]
   660 | D:4      | Gained mutation: You cannot study or cast Transmutations
                  | magic. [Ru sacrifice]
   660 | D:4      | Gained mutation: You cannot study or cast Conjurations
                  | magic. [Ru sacrifice]
   660 | D:4      | Reached * piety under Ru
   935 | D:5      | Entered Level 5 of the Dungeon
   935 | D:5      | Noticed an ogre
   935 | D:5      | You fall into a shaft and drop 2 floors!
   946 | D:7      | Found a runed translucent gate.
   947 | D:7      | Found a runed translucent gate.
   956 | D:7      | Reached XP level 5. HP: 21/37 MP: 5/5
   957 | D:7      | Found a runed translucent gate.
   970 | D:7      | Found Nuufoss's Magic Scroll Boutique.
   970 | D:7      | Noticed Carnifexus's ghost (novice DsBe)
   973 | D:7      | Reached skill level 1 in Axes
  1017 | D:7      | Slain by a wight

Illustrated notes

Levels and vault maps discovered:
D:1:      lightli_molten_gateway, layout_loops_cross, serial_shops,
          nicolae_square_shop, nicolae_shop_overgrown_old_shop, shop,
          nicolae_shop_statue_plus, dreamdust_ecumenical_altar_angels_and_demons
D:2:      layout_basic, basic_altar, dreamdust_mushroom_princess,
          minmay_heptomino_h4
D:4:      layout_cave_pods
D:5:      layout_cave_pools, serial_bayou, serial_bayou_lagoon_a,
          serial_bayou_ford_a, serial_bayou_lagoon_b, serial_bayou_pond_c,
          serial_bayou_crossing, minmay_misc_feat_five,
          minmay_misc_feat_more_columns
D:7:      layout_gridville, gammafunk_ghost_necromancy, serial_undead,
          serial_undead_b, serial_undead_c, serial_undead_f, serial_undead_b,
          serial_undead_a, serial_undead_b, serial_undead_e, serial_undead_d,
          serial_shops, shop, grunt_decor_cap, chequers_serial_rivers_large_b

Skill      XL: |  1  2  3  4  5 |
---------------+----------------+-----
Stealth        | 3 4 |  4.2
Polearms       | 4 |  4.2
Fighting       | 4 |  4.0
Axes           | 1 |  1.0
Dodging        | |  3.8

Action                   |  1- 3 |  4- 6 || total
-------------------------+-------+-------++-------
Melee: Spear             |    42 |       ||    42
       Constrict         |    16 |     6 ||    22
       Tentacles         |    13 |     5 ||    18
       Punch             |     1 |     2 ||     3
       Hand axe          |    12 |    22 ||    34
Invok: Sacrifice Arcana  |       |     1 ||     1
  Use: Scroll            |       |     3 ||     3
       Potion            |       |     4 ||     4
 Stab: Sleeping          |     4 |     1 ||     5
Armor: Skin              |     5 |       ||     5
Dodge: Dodged            |    34 |    18 ||    52
